 Dungeon Crawl Stone Soup version 0.17-a0-1951-g62301d3 (webtiles) character file.

165 RedPan the Sneak (level 5, -8/25 HPs)
             Began as a Spriggan Assassin on Oct 3, 2015.
             Mangled by an orc priest
             ... wielding a +0 flail
              (11 damage)
             ... on level 3 of the Dungeon.
             The game lasted 00:07:48 (3730 turns).

RedPan the Sneak (Spriggan Assassin)                Turns: 3730, Time: 00:07:48

Health: -8/25      AC:  3    Str:  8    XL:     5   Next: 21%
Magic:  6/6        EV: 19    Int: 13    God:
Gold:   107        SH:  0    Dex: 17    Spells: 0 memorised, 4 levels left

rFire  . . .     SeeInvis +     a - +2 dagger
rCold  . . .     Clarity  .     p - +0 robe
rNeg   . . .     SustAt   .     (shield restricted)
rPois  .         Gourm    .     (helmet restricted)
rElec  .         Spirit   .     d - +0 cloak
rCorr  .         Warding  .     (gloves unavailable)
rMut   .         Stasis   .     (boots unavailable)
MR     .....                    (no amulet)
Stlth  ++++......               (no ring)
                                (no ring)

@: very quick, not resistant to hostile enchantments, stealthy
A: unfitting armour, see invisible, herbivore 3, speed 3, slow metabolism 2
a: no special abilities


You were on level 3 of the Dungeon.
You were very hungry.

You visited 1 branch of the dungeon, and saw 3 of its levels.

You collected 107 gold pieces.

Inventory:

Hand weapons
 a - a +2 dagger (weapon)
 b - a +0 blowgun
Missiles
 e - 8 poisoned needles
 f - 2 curare-tipped needles
Armour
 c - a +0 robe
 d - a +0 cloak (worn)
 p - a +0 robe (worn)
Scrolls
 h - 2 scrolls of enchant armour {unknown}
 k - a scroll of fog {unknown}
 l - 3 scrolls of identify {unknown}
 m - a scroll of remove curse {unknown}
 n - a scroll of enchant weapon {unknown}
 r - a scroll of random uselessness {unknown}
 s - a scroll of blinking {unknown}
 t - a scroll of teleportation {unknown}
Potions
 i - a potion of agility {unknown}
 j - a potion of lignification {unknown}
 o - a potion of curing {unknown}
Comestibles
 g - 2 bread rations
 q - 3 fruits


   Skills:
 - Level 1.5 Fighting
 - Level 4.4 Short Blades
 - Level 2.1 Throwing
 + Level 3.6 Dodging
 + Level 7.3 Stealth


You had 4 spell levels left.
You didn't know any spells.

Dungeon Overview and Level Annotations

Branches:
Dungeon (3/15)

Altars:


Innate Abilities, Weirdness & Mutations

You are tiny and cannot use many weapons and most armour.
You have supernaturally acute eyesight.
You are a herbivore.
You cover ground extremely quickly.
You need consume almost no food.


Message History

You hit the orc priest.
The orc priest is moderately wounded.
The orc throws a tomahawk.
The tomahawk barely misses you.
You hit the orc priest but do no damage.
The orc priest is moderately wounded.
The orc priest hits you with a flail.
You hit the orc priest.
The orc priest is heavily wounded.
The orc priest calls down the wrath of Beogh upon you.
Something smites you!
You closely miss the orc priest.
The orc priest is heavily wounded.
You hit the orc priest.
The orc priest is severely wounded.
The orc priest hits you with a flail!
* * * LOW HITPOINT WARNING * * *
You closely miss the orc priest.
The orc priest is severely wounded.
The orc completely misses you. The orc priest hits you with a flail!
You die...

#.... .# ...%
##.# ... ...# #
#..#...
#.###.....
#......o.#####.
#.....oo.......
#.....@.#
######†.# #<#.#
#.#(# #+#.. ...
.... .#..#
.#..#


You could see an orc priest and 2 orcs.

Vanquished Creatures
  Terence (D:2)
  Natasha (D:2)
  Robin (D:2)
  3 adders (D:2)
  2 worms (D:2)
  2 giant geckos
  An orc (D:3)
  2 bats (D:1)
  4 giant cockroaches
  16 goblins
  6 hobgoblins (D:2)
  10 jackals
  5 kobolds
  2 ball pythons
  6 giant newts
  6 rats
68 creatures vanquished.

Notes
Turn   | Place    | Note
--------------------------------------------------------------
     0 | D:1      | RedPan the Spriggan Assassin began the quest for the Orb.
     0 | D:1      | Reached XP level 1. HP: 10/10 MP: 2/2
   251 | D:1      | Reached XP level 2. HP: 14/14 MP: 3/3
   715 | D:2      | Noticed Terence
  1157 | D:2      | Noticed Natasha
  1161 | D:2      | Reached XP level 3. HP: 16/18 MP: 4/4
  1182 | D:2      | Killed Natasha
  1556 | D:1      | Reached skill level 6 in Stealth
  1827 | D:2      | Reached XP level 4. HP: 15/22 MP: 5/5
  1833 | D:2      | Noticed Robin
  1887 | D:2      | HP: 1/22 [Robin/mace (2)]
  2475 | D:2      | Killed Robin
  2990 | D:2      | Killed Terence
  3290 | D:2      | Reached skill level 7 in Stealth
  3290 | D:2      | Reached XP level 5. HP: 13/25 MP: 6/6
  3730 | D:3      | Mangled by an orc priest

Vault maps used:
D:1:      dpeg_arrival_tiny_c, serial_park_tiny_pond, columned_hall_lemuel
D:2:      uniq_terence, uniq_natasha, uniq_robin
D:3:      xom_butterflies, zin_statuary, first_bread

Action                   |  1- 3 |  4- 6 || total
-------------------------+-------+-------++-------
Melee: Dagger            |   132 |   191 ||   323
 Fire: Blowgun           |       |     2 ||     2
 Stab: Sleeping          |     8 |     3 ||    11
       Distracted        |     1 |       ||     1
